 Dungeon Crawl Stone Soup version 0.26.1-12-g5ba1501909 (webtiles) character file.

Game seed: 3557771904812312743

1572 Zeld the Conjurer (level 8, -5/70 HPs)
             Began as a Green Draconian Conjurer on Oct 27, 2021.
             Shot with an arrow by a centaur (8 damage)
             ... on level 7 of the Dungeon.
             The game lasted 00:11:37 (9124 turns).

Zeld the Conjurer (Green Draconian Conjurer)        Turns: 9124, Time: 00:11:38

Health: -5/70      AC:  7    Str: 10    XL:     8   Next: 59%
Magic:  4/13       EV: 13    Int: 21    God:
Gold:   195        SH:  0    Dex:  9    Spells: 3/14 levels left

rFire    . . .     SeeInvis .   (no weapon)
rCold    . . .     Faith    .   (no shield)
rNeg     . . .     Spirit   .   (armour unavailable)
rPois    +         Reflect  .   (helmet restricted)
rElec    .         Harm     .   (no cloak)
rCorr    .         Rampage  .   t - +0 pair of gloves
Will     .....                  (no boots)
Stlth    ++........             (no amulet)
HPRegen  0.21/turn              (no ring)
MPRegen  0.13/turn              (no ring)

@: no status effects
A: breathe noxious fumes, unfitting armour, poison resistance, cold-blooded, AC
+6
a: Breathe Noxious Fumes


You were on level 7 of the Dungeon.
You visited 1 branch of the dungeon, and saw 7 of its levels.

You collected 334 gold pieces.
You spent 139 gold pieces at shops.

Inventory:

Armour
 t - a +0 pair of gloves (worn)
 x - a +0 buckler
Jewellery
 j - a +6 ring of intelligence {unknown}
 p - an uncursed ring of see invisible {unknown}
 y - a cursed -4 ring of strength {unknown}
 A - a cursed ring of teleportation {unknown}
Wands
 B - a wand of acid (7)
Scrolls
 a - 10 scrolls of amnesia {unknown}
 b - 2 scrolls of immolation {unknown}
 d - 3 scrolls of fear {unknown}
 h - 5 scrolls of enchant armour {unknown}
 i - 12 scrolls of identify {unknown}
 k - 3 scrolls of random uselessness {unknown}
 l - 4 scrolls of teleportation {unknown}
 o - a scroll of noise {unknown}
 q - a scroll of blinking {unknown}
 s - 2 scrolls of fog {unknown}
 v - a scroll of magic mapping {unknown}
 z - a scroll of remove curse {unknown}
Potions
 c - 4 potions of attraction {unknown}
 e - 3 potions of heal wounds {unknown}
 f - 4 potions of magic {unknown}
 g - 4 potions of haste {unknown}
 m - a potion of resistance {unknown}
 n - 3 potions of mutation {unknown}
 r - a potion of ambrosia {unknown}
 u - 3 potions of flight {unknown}
 w - a potion of lignification {unknown}


   Skills:
 * Level 5.6 Fighting
 + Level 3.8 Dodging
 + Level 3.9 Stealth
 * Level 2.2 Shields
 + Level 3.8 Spellcasting
 * Level 6.6 Conjurations
 + Level 2.0 Hexes
 + Level 2.2 Translocations


You had 3 spell levels left.
You knew the following spells:

 Your Spells              Type           Power        Failure   Level
a - Magic Dart            Conj           100%         1%          1
b - Searing Ray           Conj           62%          1%          2
c - Fulminant Prism       Conj/Hex       11%          21%         4
d - Iskenderun's Mystic   Conj/Tloc      22%          21%         4

Your spell library contained the following spells:

 Spells                   Type           Power        Failure   Level
 Dazzling Flash           Conj/Hex       44%          6%          3
 Summon Small Mammal      Summ           16%          12%         1
 Call Imp                 Summ           4%           19%         2
 Summon Guardian Golem    Hex/Summ       8%           24%         3
 Call Canine Familiar     Summ           4%           36%         3
 Summon Ice Beast         Ice/Summ       4%           77%         4
 Summon Lightning Spire   Summ/Air       4%           77%         4


Dungeon Overview and Level Annotations

Branches:
Dungeon (7/15)
 Temple: D:4-7

Altars:
Kikubaaqudgha
Qazlal
Sif Muna
Trog
The Shining One
Beogh

Shops:
D:5 [

Annotations:
D:6 3 runed translucent doors, vvl's ghost, novice NaTm


Innate Abilities, Weirdness & Mutations

You can breathe blasts of noxious fumes.
Your lurid green scales are hard. (AC +6)
You cannot fit into any form of body armour.
Your system is resistant to poisons. (rPois)
You are cold-blooded and may be slowed by cold attacks.


Message History

The arrow hits you!
Things that are here:
an arrow; 18 gold pieces
Casting: Searing Ray (safe; 1% risk of failure)
Confirm with . or Enter, or press ? or * to list all spells.
Aiming: Searing Ray (safe; 1% risk of failure)
Press: ? - help, Shift-Dir - straight line You can't see that place. [the floor.]
Okay, then.
The centaur shoots an arrow.
The arrow hits you.
* * * LOW HITPOINT WARNING * * *
Things that are here:
an arrow; a +4 dagger of freezing; a +0 robe The centaur shoots an arrow.
The arrow hits you!!
* * * LOW HITPOINT WARNING * * *
You see here an arrow.
Found 11 gold pieces.
The centaur shoots an arrow.
The arrow hits you!
You die...

###.#
#.....)......####........
....#####.#.##.#####.#
######### .......##.#.
#...# #.#
..####.#..#..###.##..###
#....#....... ..#....$#
#.##....# ........#
#.###.c.## #....<..#
#.#...#..# #####.......#
....####.###....@# .#.##
#.(##c###.......# ...#
##.c(.# ##......# ####
#)##.# .###### # #.##...
.. # ..####.# ... #### .#
.... . ..... . .


You could see a centaur.

Vanquished Creatures
  An orc warrior (D:7)
  An ogre (D:5)
  A sky beast (D:7)
  A phantom (D:5)
  A centaur (D:6)
  2 bullfrogs
  2 scorpions (D:5)
  7 wights (D:7)
  A howler monkey (D:4)
  A jelly (D:6)
  A hound (D:7)
  3 orc priests
  A bullfrog skeleton (D:5)
  7 worker ants
  A killer bee zombie (D:6)
  A worker ant zombie (D:6)
  6 adders
  3 gnolls (D:3)
  2 white imps
  An ooze (D:1)
  An adder skeleton (D:6)
  A dart slug (D:2)
  5 leopard geckos
  18 orcs
  2 ball pythons (D:2)
  2 bats
  6 giant cockroaches
  5 goblins
  8 hobgoblins
  12 jackals
  2 quokkas
  6 frilled lizards
  A jackal skeleton (D:4)
  A jackal zombie (D:6)
  6 kobolds
  2 leopard gecko skeletons
  2 quokka skeletons
  7 rats
131 creatures vanquished.

Vanquished Creatures (others)
  2 plants (D:4)
2 creatures vanquished.

Grand Total: 133 creatures vanquished

Notes
Turn   | Place    | Note
-------+----------+-------------------------------------------
     0 | D:1      | Zeld the Draconian Conjurer began the quest for the Orb.
     0 | D:1      | Reached XP level 1. HP: 14/14 MP: 3/3
   137 | D:1      | Found a glowing golden altar of the Shining One.
   244 | D:1      | Reached skill level 1 in Fighting
   244 | D:1      | Reached XP level 2. HP: 23/23 MP: 0/5
   247 | D:1      | Learned a level 2 spell: Searing Ray
  1136 | D:1      | Reached XP level 3. HP: 28/28 MP: 3/6
  2283 | D:3      | Reached XP level 4. HP: 36/36 MP: 2/7
  2701 | D:3      | Found a shimmering blue altar of Sif Muna.
  3566 | D:4      | Reached XP level 5. HP: 44/44 MP: 3/8
  3650 | D:4      | Learned a level 4 spell: Fulminant Prism
  3788 | D:4      | Found a glowing golden altar of the Shining One.
  4188 | D:4      | Reached skill level 5 in Conjurations
  4967 | D:4      | Found an ancient bone altar of Kikubaaqudgha.
  5159 | D:5      | Entered Level 5 of the Dungeon
  5162 | D:5      | Noticed an ogre
  5176 | D:5      | Killed an ogre
  5177 | D:5      | Reached XP level 6. HP: 15/51 MP: 2/10
  5496 | D:5      | Learned a level 4 spell: Iskenderun's Mystic Blast
  5707 | D:5      | Your scales start taking on a lurid green colour.
  5707 | D:5      | Reached XP level 7. HP: 59/59 MP: 5/11
  5707 | D:5      | Gained mutation: Your system is resistant to poisons.
                  | (rPois) [Green Draconian growth]
  5994 | D:5      | Found Qatebrim's Antique Armour Boutique.
  6000 | D:5      | Bought a pair of gloves for 139 gold pieces
  7027 | D:6      | Reached skill level 1 in Hexes
  7027 | D:6      | Reached skill level 1 in Translocations
  7139 | D:6      | Found a bloodstained altar of Trog.
  7271 | D:6      | Reached skill level 6 in Conjurations
  8002 | D:6      | Found a runed translucent gate.
  8002 | D:6      | Noticed vvl's ghost (novice NaTm)
  8003 | D:6      | Found a runed translucent gate.
  8004 | D:6      | Found a runed translucent gate.
  8006 | D:6      | Identified the +4 long sword "Kilyrem" {vorpal, Int+4}
  8006 | D:6      | Identified the +10 chain mail "Equfruom" {rF+ rC++ Str+2
                  | Int-3}
  8009 | D:6      | Found a roughly hewn altar of Beogh.
  8574 | D:7      | Reached skill level 5 in Fighting
  8574 | D:7      | Reached XP level 8. HP: 68/68 MP: 8/13
  8683 | D:7      | Reached skill level 1 in Shields
  8691 | D:7      | Found a stormy altar of Qazlal.
  8867 | D:7      | Found a stormy altar of Qazlal.
  9119 | D:7      | HP: 2/70 [centaur/arrow (19)]
  9124 | D:7      | Shot with an arrow by a centaur

Illustrated notes

Levels and vault maps discovered:
D:1:      psy_arrival_terrarium, layout_basic, serial_park_tiny_1,
          tso_metal_star
D:2:      layout_rooms, minivault_27
D:3:      layout_loops_cross, overflow_temple_1_default, hangedman_glass_teeth
D:4:      corexii_shack_village, layout_layer_cave, marbit_many_paths,
          old_standard_altar
D:5:      layout_basic, serial_shops, shop, chequers_serial_rivers_small_b
D:6:      layout_loops_ring, lightli_temple_of_fire, biasface_ghost_orc_armoury
D:7:      layout_rooms, old_standard_altar, lemuel_temple_firewalk_b,
          nicolae_qazlal_general_emergency

Skill      XL: |  1  2  3  4  5  6  7  8 |
---------------+-------------------------+-----
Fighting       | 1 2 3 4 5 |  5.6
Dodging        | 2 3 |  3.8
Stealth        | 2 3 |  3.9
Conjurations   | 5 6 |  6.6
Spellcasting   | 3 |  3.8
Hexes          | 1 2 |  2.0
Translocations | 1 2 |  2.2
Shields        | 2 |  2.2

Action                   |  1- 3 |  4- 6 |  7- 9 || total
-------------------------+-------+-------+-------++-------
Melee: Unarmed           |    47 |    18 |    51 ||   116
       Tailslap          |     2 |     2 |     7 ||    11
 Cast: Magic Dart        |    66 |    26 |    19 ||   111
       Searing Ray       |     2 |    26 |    38 ||    66
 Abil: Breathe Noxious F |       |       |     3 ||     3
 Stab: Sleeping          |       |     1 |       ||     1
       Confused          |       |       |     5 ||     5
Armor: Skin              |     3 |    12 |    16 ||    31
Dodge: Dodged            |    33 |    28 |    80 ||   141
